 Dungeon Crawl Stone Soup version 0.27-a0-1529-g1e82c303ef (webtiles) character file.

Game seed: 3699741240501270758

60 garrulousMonolith the Shield-Bearer (level 3, 0/33 HPs)
             Began as a Minotaur Fighter on July 12, 2021.
             Slain by a goblin (2 damage)
             ... led by Robin
             ... on level 2 of the Dungeon.
             The game lasted 00:01:52 (1317 turns).

garrulousMonolith the Shield-Bearer (MiFi)          Turns: 1317, Time: 00:01:54

Health: 0/33       AC:  6    Str: 20    XL:     3   Next: 82%
Magic:  2/2        EV:  8    Int:  5    God:
Gold:   75         SH:  9    Dex: 10    Spells: 2/2 levels left

rFire    + . .     SeeInvis .   a - +0 war axe
rCold    . . .     Faith    .   c - +0 kite shield
rNeg     . . .     Spirit   .   e - +1 ring mail {rF+}
rPois    .         Reflect  .   (helmet restricted)
rElec    .         Harm     .   (no cloak)
rCorr    .         Rampage  .   (no gloves)
Will     .....                  (no boots)
Stlth    ..........             (no amulet)
HPRegen  0.11/turn              (no ring)
MPRegen  0.08/turn              (no ring)

@: mighty
A: horns 2, retaliatory headbutt
a: no special abilities


You were on level 2 of the Dungeon.
You visited 1 branch of the dungeon, and saw 2 of its levels.

You collected 75 gold pieces.

Inventory:

Hand Weapons
 a - a +0 war axe (weapon)
Armour
 b - a +0 scale mail
 c - a +0 kite shield (worn)
 e - a +1 ring mail of fire resistance (worn)
Scrolls
 f - a scroll of identify {unknown}
 i - a scroll of teleportation {unknown}
 j - a scroll of amnesia {unknown}
Potions
 g - a potion of heal wounds {unknown}
 h - a potion of flight


   Skills:
 + Level 4.1 Fighting
 * Level 3.7 Axes
 + Level 4.1 Armour
 + Level 4.1 Shields


You had 2 spell levels left.
You didn't know any spells.
Your spell library was empty.

Dungeon Overview and Level Annotations

Branches:
Dungeon (2/15)

Altars:

Annotations:
D:2 Robin


Innate Abilities, Weirdness & Mutations

You have a pair of horns on your head.
You reflexively headbutt those who attack you in melee.


Message History

Your ring mail prevents you from hitting the goblin.
The goblin shouts! x2
Your headbutt misses the goblin. You hit the hobgoblin.
You kill the hobgoblin!
Robin roars a battlecry!
The goblins go into a battle-frenzy!
The goblin hits you with a +0 club. The goblin hits you with a +0 dagger.
You are too injured to fight recklessly!
You are too injured to fight recklessly!
You are too injured to fight recklessly!
You are too injured to fight recklessly!
Your shield prevents you from hitting the goblin.
You closely miss the goblin. You block the goblin's attack.
The goblin hits you but does no damage. The goblin hits you with a +0 club.
* * * LOW HITPOINT WARNING * * *
You feel very mighty all of a sudden. The goblin hits you with a +0 dagger.
* * * LOW HITPOINT WARNING * * *
The goblin closely misses you.
It was a potion of flight.
You feel very buoyant.
You fly up into the air.
The goblin hits you with a +0 dagger.
* * * LOW HITPOINT WARNING * * *
The goblin barely misses you. You furiously retaliate!
You headbutt the goblin!
You kill the goblin!
The goblin no longer looks unusually strong.
The goblin barely misses you.
The goblin no longer looks unusually strong.
The goblin no longer looks unusually strong.
You are starting to lose your buoyancy.
Robin throws the goblin at you!
* * * LOW HITPOINT WARNING * * *
The goblin hits you with a +0 club.
* * * LOW HITPOINT WARNING * * *
You float gracefully downwards.
You see here an adder skeleton.
You see here a +0 whip.
There is a stone staircase leading up here.
The goblin hits you with a +0 dagger.
You die...

#.# #############.#
#....>........#
#.###########.. #>#
########## #.# ##.......
####.###...#### .
#<............# .#
#@##.###...##.### #g##.#
##.## ##g#..####.#
####.g........#
#.............#
#.##.g#.#####.#
###.##.g#.#####.##
#............#...##
#.#.##..#.##..#.#รท######


You could see 5 goblins.

Vanquished Creatures
  An adder (D:2)
  A dart slug (D:2)
  3 bats
  2 endoplasms (D:1)
  A giant cockroach (D:2)
  11 hobgoblins
  6 jackals (D:1)
  3 ball pythons (D:1)
  A frilled lizard (D:2)
  6 goblins
  4 kobolds
  4 rats
43 creatures vanquished.

Notes
Turn   | Place    | Note
-------+----------+-------------------------------------------
     0 | D:1      | garrulousMonolith the Minotaur Fighter began the quest for
                  | the Orb.
     0 | D:1      | Reached XP level 1. HP: 19/19 MP: 0/0
   162 | D:1      | Reached XP level 2. HP: 12/27 MP: 1/1
   632 | D:1      | Found a faded altar of an unknown god.
   781 | D:1      | Reached XP level 3. HP: 32/33 MP: 2/2
  1272 | D:2      | Noticed Robin
  1279 | D:2      | HP: 1/33 [goblin[Robin] (3)]
  1306 | D:2      | HP: 1/33 [goblin[Robin] (1)]
  1317 | D:2      | Slain by a goblin

Illustrated notes

Levels and vault maps discovered:
D:1:      lightli_arrival_statuegarden, layout_loops_cross,
          shapermc_ecumenical_altar_venn, minmay_crystal_water, minivault_11,
          serial_park_tiny_1
D:2:      layout_loops_ring, uniq_robin

Skill      XL: |  1  2  3 |
---------------+----------+-----
Axes           | 3 |  3.7
Shields        | 4 |  4.1
Fighting       | 4 |  4.1
Armour         | 4 |  4.1

Action                   || total
-------------------------++-------
Melee: War axe           ||    82
       Headbutt          ||    19
  Use: Potion            ||     2
Armor: Scale mail        ||    10
       Ring mail         ||    31
Dodge: Dodged            ||    27
Block: Kite shield       ||    45

Table legend: (Time is in decaauts)
 A = Elapsed time spent in this place.
 B = Non-inter-level travel time spent in this place.
 C = Inter-level travel time spent in this place.
 D = Time resting spent in this place.
 E = Time spent auto-exploring this place.
 F = Levels seen in this place.
 G = Mean time per level.
                   A        B        C        D        E       F      G
               +--------+--------+--------+--------+--------+-----+--------+
         Total |   1369 |   1333 |     36 |    159 |    887 |   2 |  684.5 |
       Dungeon |   1369 |   1333 |     36 |    159 |    887 |   2 |  684.5 |
               +--------+--------+--------+--------+--------+-----+--------+

Top non-repeatable levels by time:
     D:1: 991 daAuts
     D:2: 377 daAuts
